 Dungeon Crawl Stone Soup version 0.30-a0-847-g17996783a1 (webtiles) character file.

Game seed: 7220153063147768795

1297 oldriver the Skirmisher (level 9, 0/78 HPs)
             Began as a Meteoran Hunter on Mar 4, 2023.
             Was a Believer of Okawaru.
             Slain by a sky beast (6 damage)
             ... on level 7 of the Dungeon.
             The game lasted 00:12:38 (2420 turns).

oldriver the Skirmisher (Meteoran Hunter)           Turns: 2420, Time: 00:12:39

Health: 0/78       AC:  7    Str: 14    XL:     9   Next: 11%
Magic:  10/12      EV: 17    Int: 10    God:    Okawaru [**....]
Gold:   412        SH:  0    Dex: 22    Spells: 8/8 levels left

rFire   . . .      SeeInvis .    a - +1 shortbow
rCold   . . .      Faith    .    (shield currently unavailable)
rNeg    . . .      Spirit   .    c - +0 leather armour
rPois   .          Reflect  .    (no helmet)
rElec   .          Rampage  .    p - +0 cloak
rCorr   .                        h - +1 pair of gloves
Will    +....                    (no boots)
Stlth   ++                       (no amulet)
HPRegen 0.33/turn                (no ring)
MPRegen 0.13/turn                (no ring)

@: heroic, glowing
A: sense surroundings 2, otherworldly, glowing, explore regen
a: Renounce Religion, Heroism


You were on level 7 of the Dungeon.
You worshipped Okawaru.
Okawaru was pleased with you.
You visited 2 branches of the dungeon, and saw 7 of its levels.
You also visited: Ossuary.

You collected 412 gold pieces.

Inventory:

Hand Weapons
 a - a +1 shortbow (weapon)
 e - a +1 dagger of electrocution
 o - a +0 short sword
 q - a +0 sling
 x - a +0 flail
Missiles
 i - a curare-tipped dart
 t - 6 poisoned darts
Armour
 c - a +0 leather armour (worn)
 h - a +1 pair of gloves (worn)
 p - a +0 cloak (worn)
Jewellery
 s - a ring of ice
Wands
 g - a wand of mindburst (12)
 v - a wand of roots (11)
Scrolls
 b - 3 scrolls of immolation
 f - 3 scrolls of teleportation
 k - a scroll of amnesia
 n - a scroll of blinking
 r - a scroll of identify
 u - a scroll of fear
 w - a scroll of fog
Potions
 d - 2 potions of might
 j - a potion of attraction {unknown}
 l - a potion of degeneration
 m - a potion of brilliance


   Skills:
 + Level 6.4(11.4) Fighting
 * Level 9.7(14.7) Ranged Weapons
 - Level 1.0(6.0) Armour
 - Level 3.0(8.0) Dodging
 - Level 0.6(5.6) Stealth
 - Level 3.0 Invocations


You had 8 spell levels left.
You didn't know any spells.
Your spell library contained the following spells:

 Spells                   Type           Power      Damage    Failure   Level
 Freeze                   Ice            0%         1d3       43%         1
 Blink                    Tloc           0%         N/A       56%         2
 Lesser Beckoning         Tloc           0%         N/A       56%         2
 Momentum Strike          Conj/Tloc      0%         3d8       56%         2
 Frozen Ramparts          Ice            0%         1d1       80%         3
 Hailstorm                Conj/Ice       0%         3d3       80%         3
 Blade Hands              Tmut           0%         N/A       100%        5
 Iron Shot                Conj/Erth      0%         9d1       100%        6
 Animate Armour           Summ/Erth      Unusable   N/A       N/A         4

Dungeon Overview and Level Annotations

Branches:
Dungeon (5/15) Zot: 1312   Temple (1/1) D:4 Zot: 539 Ossuary (visited)

Altars:
Cheibriados
Dithmenos
Fedhas
Gozag
Kikubaaqudgha
Nemelex Xobeh
Okawaru
Qazlal
Sif Muna
Vehumet
Wu Jian
Xom
Yredelemnul
Zin
The Shining One

Annotations:
D:4 1 runed translucent door, Crazy Yiuf


Innate Abilities, Weirdness & Mutations

You passively map the area around you.
You are easily found by Zot.
You glow in the dark.
You regain HP and MP as you explore.


Message History

Press: ? - help, Shift-Dir - straight line, f/p - sky beast
Aim: a sky beast (63% to hit)
You shoot an arrow. The arrow hits the sky beast!
The sky beast is moderately wounded.
The sky beast hits you.
* * * LOW HITPOINT WARNING * * *
The sky beast shocks you.
* * * LOW HITPOINT WARNING * * *
Fire: a) +1 shortbow
Press: ? - help, Shift-Dir - straight line, f/p - sky beast
Aim: a sky beast (moderately wounded, 63% to hit)
You shoot an arrow. The arrow hits the sky beast!
The sky beast is severely wounded.
The sky beast completely misses you.
Fire: a) +1 shortbow
Press: ? - help, Shift-Dir - straight line, f/p - sky beast
Aim: a sky beast (severely wounded, 63% to hit)
You shoot an arrow. The arrow barely misses the sky beast.
The sky beast hits you.
* * * LOW HITPOINT WARNING * * *
The sky beast shocks you.
* * * LOW HITPOINT WARNING * * *
The sky beast flickers out of sight!
Deactivating autopickup; reactivate with Ctrl-A.
Something hits you but does no damage.
Fire: a) +1 shortbow
Press: ? - help, Shift-Dir - straight line, f - you Really target yourself?
Okay, then.
You gain the combat prowess of a mighty hero.
Something hits you but does no damage.
Fire: a) +1 shortbow
Press: ? - help, Shift-Dir - straight line You shoot an arrow.
Fire: a) +1 shortbow
Press: ? - help, Shift-Dir - straight line You shoot an arrow.
Something hits you.
* * * LOW HITPOINT WARNING * * *
Something shocks you.
You die...

*.#* , , ,** * , ...)#
#### , .#..# #... ##
#.#..# #..#* #.# +#
..#..# ...###.# ...**
.##..# #.#.#.# .... *
.....# #.#..# ..... , *
.###.#####....####......
......)........{@)......
,
.#########....####......
.# #....## *....# , * .#
#.#.## ...# , .# #...#
*..# , ## ##.## *'#, ,
#. ,#* #. , *,, * * * ,


There were no monsters in sight!

Vanquished Creatures
  A water moccasin (D:7)
  2 sky beasts
  An orc warrior (D:7)
  2 ice beasts (D:7)
  A black bear (D:5)
  A phantom (D:5)
  A kobold brigand (D:7)
  A howler monkey (D:7)
  A centaur zombie (Ossuary)
  A hound (D:4)
  A jelly (D:4)
  A sleepcap (D:4)
  An iguana (D:4)
  2 orc wizards
  3 mummies
  4 gnolls (D:7)
  5 adders
  2 ufetubi (D:5)
  A dart slug (D:1)
  17 orcs
  7 endoplasms
  2 giant cockroaches
  5 gnoll zombies (Ossuary)
  10 goblins
  5 hobgoblins
  7 jackals
  4 quokkas
  7 ball pythons
  4 bats
  7 frilled lizards
  4 goblin zombies (Ossuary)
  2 hobgoblin zombies (Ossuary)
  14 kobolds
  2 orc zombies (Ossuary)
  3 rats (D:1)
132 creatures vanquished.

Vanquished Creatures (others)
  2 plants (D:7)
2 creatures vanquished.

Grand Total: 134 creatures vanquished

Notes
Turn   | Place    | Note
-------+----------+-------------------------------------------
     0 | D:1      | oldriver the Meteoran Hunter began the quest for the Orb.
     0 | D:1      | Reached XP level 1. HP: 17/17 MP: 2/2
    69 | D:1      | Reached XP level 2. HP: 23/25 MP: 3/3
   115 | D:1      | HP: 1/25 [ball python (2)]
   145 | D:1      | Reached XP level 3. HP: 13/30 MP: 4/4
   147 | D:1      | Reached skill level 5 in Ranged Weapons
   470 | D:2      | Reached XP level 4. HP: 26/38 MP: 5/5
   531 | D:2      | Found a faded altar of an unknown god.
   866 | D:3      | HP: 1/38 [orc/+0 club (2)]
   878 | D:3      | Reached XP level 5. HP: 33/45 MP: 6/6
   881 | D:3      | Reached skill level 6 in Ranged Weapons
  1239 | D:4      | Found a sand-covered staircase.
  1252 | Ossuary  | Entered an ossuary
  1280 | Ossuary  | Reached XP level 6. HP: 52/52 MP: 7/7
  1536 | D:4      | Found a staircase to the Ecumenical Temple.
  1546 | Temple   | Entered the Ecumenical Temple
  1593 | Temple   | Became a worshipper of Warmaster Okawaru
  1652 | D:4      | Found a runed translucent door.
  1653 | D:4      | Noticed Crazy Yiuf
  1708 | D:4      | Reached skill level 7 in Ranged Weapons
  1831 | D:4      | Noticed a sky beast
  1846 | D:4      | Killed a sky beast
  1847 | D:4      | Reached XP level 7. HP: 35/60 MP: 8/8
  1886 | D:4      | Reached * piety under Okawaru
  1947 | D:5      | Entered Level 5 of the Dungeon
  1999 | D:5      | Reached skill level 5 in Fighting
  1999 | D:5      | Reached skill level 8 in Ranged Weapons
  2084 | D:5      | Reached skill level 1 in Invocations
  2084 | D:5      | Reached XP level 8. HP: 64/68 MP: 9/9
  2087 | D:5      | You fall into a shaft and drop 2 floors!
  2341 | D:7      | Reached ** piety under Okawaru
  2342 | D:7      | Reached skill level 1 in Armour
  2363 | D:7      | Reached skill level 9 in Ranged Weapons
  2382 | D:7      | Gained mutation: You passively map the area around you.
                  | [Meteoran growth]
  2382 | D:7      | Reached XP level 9. HP: 52/75 MP: 10/12
  2420 | D:7      | Slain by a sky beast

Illustrated notes

Levels and vault maps discovered:
D:1:      amcnicky_arrival_choice, layout_loops_cross,
          minmay_misc_feat_ornament, minivault_11
D:2:      layout_basic, hellmonk_ecumenical_altar_lost_god,
          kennysheep_generic_room_12
D:3:      layout_basic
D:4:      minmay_bubble_buster, layout_gridville, minmay_temple_entry_grid,
          gup_ossuary_entry_pyramid, uniq_crazy_yiuf_cottage
D:5:      layout_rooms
D:7:      layout_loops_corners, mainiacjoe_overflow_boulevard, minitemple,
          nicolae_elevator_lobby_asterisk
Temple:   eino_wide_crystal_templ

Skill      XL: |  1  2  3  4  5  6  7  8 |
---------------+-------------------------+-----
Ranged Weapons | 5 6 7 8 9 |  9.7
Fighting       | 3 4 5 6 |  6.4
Invocations    | 1 3 |  3.0
Dodging        | 3 |  3.0
Armour         | 1 |  1.0
Stealth        | |  0.6

Action                     |  1- 3 |  4- 6 |  7- 9 || total
---------------------------+-------+-------+-------++-------
  Melee: Shortbow          |       |     4 |       ||     4
   Fire: Shortbow          |    83 |   221 |   161 ||   465
 Invoke: Heroism           |       |       |     4 ||     4
    Use: Potion            |     1 |     5 |     4 ||    10
         Scroll            |       |    11 |     2 ||    13
 Armour: Leather armour    |    27 |    83 |    34 ||   144
  Dodge: Dodged            |    30 |    77 |    69 ||   176

Table legend: (Time is in decaauts)
 A = Elapsed time spent in this place.
 B = Non-inter-level travel time spent in this place.
 C = Inter-level travel time spent in this place.
 D = Time resting spent in this place.
 E = Time spent auto-exploring this place.
 F = Levels seen in this place.
 G = Mean time per level.
                   A        B        C        D        E       F      G
               +--------+--------+--------+--------+--------+-----+--------+
         Total |   2503 |   2393 |    110 |      0 |     71 |   8 |  312.9 |
       Dungeon |   2286 |   2193 |     93 |      0 |      0 |   6 |  381.0 |
        Temple |     60 |     43 |     17 |      0 |     30 |   1 |   60.0 |
       Ossuary |    156 |    156 |      0 |      0 |     41 |   1 |  156.0 |
               +--------+--------+--------+--------+--------+-----+--------+

Top non-repeatable levels by time:
     D:4: 598 daAuts
     D:1: 481 daAuts
     D:3: 413 daAuts
     D:7: 348 daAuts
     D:2: 299 daAuts
 Ossuary: 156 daAuts
     D:5: 144 daAuts
  Temple: 60 daAuts
